 Dungeon Crawl Stone Soup version 0.26.1-11-gd32895ea62 (webtiles) character file.

Game seed: 8392020423288898251

550 kagor the Chopper (level 7, -9/57 HPs)
             Began as a Minotaur Arcane Marksman on Apr 25, 2021.
             Killed themself with a badly aimed fireball (12 damage)
             ... on level 5 of the Dungeon.
             The game lasted 00:16:31 (3045 turns).

kagor the Chopper (Minotaur Arcane Marksman)        Turns: 3045, Time: 00:16:32

Health: -9/57      AC:  3    Str: 20    XL:     7   Next: 7%
Magic:  7/7        EV: 13    Int: 10    God:
Gold:   90         SH:  0    Dex: 11    Spells: 7/8 levels left

rFire    . . .     SeeInvis .   l - +2 war axe (drain)
rCold    . . .     Faith    .   (no shield)
rNeg     + . .     Spirit   .   k - +0 leather armour
rPois    +         Reflect  .   (helmet restricted)
rElec    .         Harm     .   (no cloak)
rCorr    .         Rampage  .   (no gloves)
Will     .....                  (no boots)
Stlth    +.........             (no amulet)
HPRegen  0.19/turn              h - ring of positive energy
MPRegen  0.10/turn              f - ring of poison resistance

@: no status effects
A: retaliatory headbutt, horns 2, strong 2
a: no special abilities


You were on level 5 of the Dungeon.
You visited 1 branch of the dungeon, and saw 4 of its levels.

You collected 90 gold pieces.

Inventory:

Hand Weapons
 a - a +0 shortbow
 c - a +0 hand axe
 e - a +1 trident of venom
 g - a +0 hand axe of venom
 i - a +0 mace
 l - a +2 war axe of draining (weapon)
Missiles
 b - 53 poisoned darts (quivered)
 d - 36 arrows
Armour
 k - a +0 leather armour (worn)
Jewellery
 f - a ring of poison resistance (right hand)
 h - a ring of positive energy (left hand)
Wands
 m - a wand of random effects (7)
Scrolls
 j - a scroll of teleportation


   Skills:
 + Level 3.4 Fighting
 + Level 4.4(4.5) Axes
 + Level 1.2(3.0) Polearms
 + Level 3.9 Bows
 + Level 4.0 Armour
 + Level 3.3 Dodging
 + Level 0.9 Stealth
 + Level 1.0 Spellcasting
 + Level 2.1 Hexes


You had 7 spell levels left.
You knew the following spells:

 Your Spells              Type           Power        Failure   Level
a - Corona                Hex            4%           16%         1

Your spell library contained the following spells:

 Spells                   Type           Power        Failure   Level
 Slow                     Hex            4%           24%         2
 Inner Flame              Hex/Fire       2%           58%         3
 Portal Projectile        Hex/Tloc       4%           58%         3
 Cause Fear               Hex            2%           85%         4
 Leda's Liquefaction      Hex/Erth       1%           94%         4


Dungeon Overview and Level Annotations

Branches:
Dungeon (5/15)
 Temple: D:4-7

Altars:


Innate Abilities, Weirdness & Mutations

You reflexively headbutt those who attack you in melee.
You have a pair of horns on your head.
Your muscles are very strong. (Str +4)


Message History

The shadow imp is heavily wounded.
The shadow imp hits you.
You barely miss the shadow imp. You headbutt the shadow imp.
You kill the shadow imp!
You barely miss the ogre. The ogre hits you with a +0 giant club!
Aiming: Random Effects
Press: ? - help, Shift-Dir - straight line, f/p - ogre
Aim: an ogre, wielding a +0 giant club The ogre resists with significant effort.
The ogre hits you with a +0 giant club!!
* * * LOW HITPOINT WARNING * * *
Aiming: Random Effects
Press: ? - help, Shift-Dir - straight line, f/p - ogre
Aim: an ogre, wielding a +0 giant club The fireball explodes!
The fireball engulfs the ogre!
The ogre is moderately wounded.
The fireball engulfs the bullfrog zombie!
The bullfrog zombie is severely damaged.
The fireball engulfs you!
You die...

# #.# #.# .#.#### #.# #.#
.......#####.#
#.####.#........##.#
.######......#.# #.......#
.........>.....###..†.†..#####
#.............................
##....#.....#######.....######
#..........ZO@..# #.....#
..........#####.# #.#.########
..........# #.# #.#.##......
..........# #.# #.#.....####
.##.....#.# #.# #.####..#
#....##.## #.# #.# #..#
#.#.....O####.###.# #..# ##..#
#...........####..#
##.####Z..........#


You could see an ogre and a bullfrog zombie.

Vanquished Creatures
  An ice beast (D:5)
  2 scorpions
  2 howler monkeys
  A jelly (D:5)
  An orc priest (D:4)
  An orc wizard (D:5)
  An iguana (D:5)
  2 worker ants (D:4)
  3 gnolls (D:4)
  2 adders (D:4)
  A shadow imp (D:5)
  An ufetubus (D:4)
  An ooze (D:1)
  2 adder skeletons (D:4)
  A worm (D:2)
  2 dart slugs
  2 leopard geckos
  6 orcs
  A ball python (D:1)
  6 giant cockroaches
  3 goblins
  A hobgoblin (D:2)
  4 kobolds
  2 quokkas
  2 bats (D:1)
  3 frilled lizards
  5 rats
59 creatures vanquished.

Notes
Turn   | Place    | Note
-------+----------+-------------------------------------------
     0 | D:1      | kagor the Minotaur Arcane Marksman began the quest for the
                  | Orb.
     0 | D:1      | Reached XP level 1. HP: 16/16 MP: 1/1
   283 | D:1      | Reached XP level 2. HP: 17/23 MP: 2/2
  1009 | D:2      | Reached skill level 1 in Axes
  1226 | D:2      | Reached XP level 3. HP: 29/29 MP: 3/3
  1389 | D:2      | You fall into a shaft and drop 2 floors!
  1708 | D:4      | Reached XP level 4. HP: 36/36 MP: 4/4
  1742 | D:4      | Reached skill level 1 in Armour
  1755 | D:4      | Reached XP level 5. HP: 20/42 MP: 5/5
  2051 | D:4      | Gained mutation: Your muscles are strong. (Str +2) [potion
                  | of mutation]
  2051 | D:4      | Gained mutation: Your muscles are very strong. (Str +4)
                  | [potion of mutation]
  2315 | D:4      | HP: 1/44 [gnoll/+0 flail (5)]
  2318 | D:4      | Reached XP level 6. HP: 2/50 MP: 6/6
  2777 | D:5      | Entered Level 5 of the Dungeon
  2862 | D:5      | Noticed an ice beast
  2869 | D:5      | Killed an ice beast
  2870 | D:5      | Reached skill level 1 in Polearms
  2962 | D:5      | Reached XP level 7. HP: 52/57 MP: 7/7
  3045 | D:5      | Killed themself with a badly aimed fireball

Illustrated notes

Levels and vault maps discovered:
D:1:      kennysheep_arrival_forest, layout_loops_ring, serial_rivers,
          chequers_serial_rivers_micro_b, chequers_serial_rivers_small_b,
          chequers_serial_rivers_micro_a, chequers_serial_rivers_micro_a,
          chequers_serial_rivers_large_a
D:2:      layout_loops_corners, lemuel_doored_altar, serial_co_window_serial,
          co_window_paths_a, co_window_paths_b, co_window_corner_a,
          co_window_of_opportunity_a, co_window_cross_1, co_window_corner_a,
          co_window_broadway_b, co_window_broadway_c, co_window_2corner,
          co_window_4corner_b, co_window_4corner_a, glass_columns_b,
          glass_columns_c, minmay_cupped
D:4:      layout_rooms, minmay_misc_feat_plants
D:5:      layout_loops_ring

Skill      XL: |  1  2  3  4  5  6  7 |
---------------+----------------------+-----
Axes           | 1 2 3 4 |  4.4
Fighting       | 2 3 |  3.4
Bows           | 3 |  3.9
Armour         | 1 2 3 4 |  4.0
Dodging        | 3 |  3.3
Polearms       | 1 |  1.2
Stealth        | |  0.9
Spellcasting   | |  1.0
Hexes          | |  2.1

Action                   |  1- 3 |  4- 6 |  7- 9 || total
-------------------------+-------+-------+-------++-------
Melee: Hand axe          |    57 |    18 |       ||    75
       Headbutt          |     2 |     8 |     2 ||    12
       Trident           |       |    19 |       ||    19
       War axe           |       |    16 |    11 ||    27
 Fire: Shortbow          |    19 |    12 |       ||    31
Evoke: Wand              |       |       |     2 ||     2
  Use: Potion            |     2 |     4 |       ||     6
       Scroll            |     2 |     2 |       ||     4
Armor: Robe              |    14 |       |       ||    14
       Leather armour    |     2 |     9 |     3 ||    14
Dodge: Dodged            |    50 |    57 |     4 ||   111
